 Dungeon Crawl Stone Soup version 0.17-a0-1760-ga6756ae (webtiles) character file.

268 kosy22 the Ducker (level 6, 0/65 HPs)
             Began as an Ogre Berserker on Sept 3, 2015.
             Was a Priest of Trog.
             Succumbed to an adder's poison
             ... on level 3 of the Dungeon.
             The game lasted 00:13:36 (4135 turns).

kosy22 the Ducker (Ogre Berserker)                  Turns: 4135, Time: 00:13:37

Health: 0/65       AC:  4    Str: 24 (25) XL:     6   Next: 21%
Magic:  15/15      EV: 11    Int:  6      God:    Trog [***...]
Gold:   214        SH:  0    Dex:  9      Spells: 0 memorised, 5 levels left

rFire  . . .     SeeInvis .     j - +0 dagger (chaos)
rCold  . . .     Clarity  .     b - +1 animal skin
rNeg   . . .     SustAt   .     (no shield)
rPois  .         Gourm    .     (helmet restricted)
rElec  .         Spirit   .     (no cloak)
rCorr  .         Warding  .     (gloves unavailable)
rMut   .         Stasis   .     (boots unavailable)
MR     .....                    (no amulet)
Stlth  +.........               (no ring)
                                m - ring of magical power

@: lethally poisoned (0 -> -11), very slightly contaminated, invisible, not
resistant to hostile enchantments, very unstealthy
A: unfitting armour, tough skin 1
a: Burn Spellbooks, Berserk, Trog's Hand, Renounce Religion


You were on level 3 of the Dungeon.
You worshipped Trog.
Trog was most pleased with you.
You were not hungry.

You visited 1 branch of the dungeon, and saw 3 of its levels.

You collected 214 gold pieces.

Inventory:

Hand weapons
 a - a +0 hand axe
 d - a +0 spear
 g - a +2 dagger of venom
 j - a +0 dagger of chaos (weapon)
Armour
 b - a +1 animal skin (worn)
 f - a +0 pair of boots
Jewellery
 m - a ring of magical power (left hand)
Scrolls
 h - 2 scrolls of remove curse
Potions
 i - a potion of invisibility
Miscellaneous
 e - a plain deck of defence


   Skills:
 + Level 4.9 Fighting
 + Level 1.1 Short Blades
 + Level 2.5 Axes
 + Level 5.0 Dodging
 + Level 0.8 Stealth


You had 5 spell levels left.
You didn't know any spells.

Dungeon Overview and Level Annotations

Branches:
Dungeon (3/15)

Altars:
Cheibriados
Gozag
Nemelex Xobeh
Qazlal
Trog
Vehumet
Xom
Yredelemnul
The Shining One


Innate Abilities, Weirdness & Mutations

You are too large for most types of armour.
You have tough skin (AC +1).


Message History

You feel sick. The adder closely misses you. The rat misses you.
The adder bites you.
* * * LOW HITPOINT WARNING * * *
You are more poisoned.
The adder poisons you!
You are very lightly contaminated with residual magic.
* * * LOW HITPOINT WARNING * * *
You feel sick.
The rat twitches its whiskers.
The adder bites you.
* * * LOW HITPOINT WARNING * * *
* * * LOW HITPOINT WARNING * * *
You feel sick.
You strike the helpless rat from behind!
You hit the rat.
You kill the rat!
Trog accepts your kill.
* * * LOW HITPOINT WARNING * * *
You feel sick. The adder misses you.
You die...

##################### ####
#....................
#....#.###################
#.....gS.@........#
#......####.......########
#.....>...........'.......
#....#####........########
#........#........# ###.#
#...........# #.
####.#......# #.
...#.)....# #####......#


You could see an adder (berserk) and a goblin.

Vanquished Creatures
  3 crimson imps (D:3)
  8 adders
  An ooze (D:3)
  3 worms
  6 giant geckos
  A ball python (D:3)
  A giant cockroach (D:2)
  12 goblins
  12 hobgoblins
  7 jackals
  8 kobolds
  6 bats
  4 giant newts
  2 gnoll zombies (D:3)
  10 rats
84 creatures vanquished.

Notes
Turn   | Place    | Note
--------------------------------------------------------------
     0 | D:1      | kosy22 the Ogre Berserker began the quest for the Orb.
     0 | D:1      | Reached XP level 1. HP: 24/24 MP: 1/1
   175 | D:1      | Reached XP level 2. HP: 24/32 MP: 2/2
   831 | D:1      | Acquired Trog's second power
   843 | D:1      | Reached XP level 3. HP: 24/40 MP: 3/3
  1312 | D:2      | Found a bloodstained altar of Trog.
  1408 | D:2      | Found a sparkling altar of Nemelex Xobeh.
  1421 | D:2      | Found a stormy altar of Qazlal.
  1458 | D:2      | Found an opulent altar of Gozag.
  1458 | D:2      | Found a glowing golden altar of the Shining One.
  1750 | D:2      | Found a radiant altar of Vehumet.
  1953 | D:2      | Reached XP level 4. HP: 30/49 MP: 4/4
  2105 | D:2      | Found a snail-covered altar of Cheibriados.
  2767 | D:3      | Reached XP level 5. HP: 42/55 MP: 5/5
  2870 | D:3      | Found a basalt altar of Yredelemnul.
  2999 | D:3      | Found a shimmering altar of Xom.
  3031 | D:3      | HP: 2/55 [poison (a potion of poison)]
  3835 | D:3      | Reached XP level 6. HP: 57/65 MP: 6/6
  3891 | D:3      | Reached skill level 1 in Short Blades
  3891 | D:3      | Reached skill level 5 in Dodging
  4133 | D:3      | HP: 2/65 [poisoned by an adder]
  4135 | D:3      | Succumbed to an adder's poison

Vault maps used:
D:1:      dpeg_arrival_triangle_fractal
D:2:      old_standard_altar, old_standard_altar, lemuel_doored_altar,
          minitemple, nemelex_deck
D:3:      led_xom_imps, lemuel_zombie_altar_yredelemnul

Action                   |  1- 3 |  4- 6 || total
-------------------------+-------+-------++-------
Melee: Hand axe          |    81 |       ||    81
       Dagger            |    71 |   198 ||   269
Invok: Berserk           |       |     2 ||     2
       Trog's Hand       |       |     1 ||     1
  Use: Scroll            |     7 |     2 ||     9
       Potion            |     1 |     5 ||     6
 Stab: Invisible         |       |     1 ||     1
  Eat: Bread ration      |     1 |     2 ||     3
       Chunk             |     1 |       ||     1
